 Dungeon Crawl Stone Soup version 0.32-a0-391-gce5c0aab1b (webtiles) character file.

Game seed: 18268474363970468333

14128 hipposaver the Nimble (level 12, -5/136 HPs)
             Began as a Djinni Conjurer on Feb 19, 2024.
             Was an Initiate of Gozag.
             Slain by an orc knight
             ... wielding a +1 battleaxe
              (11 damage)
             ... on level 1 of the Orcish Mines.
             The game lasted 00:47:26 (15752 turns).

hipposaver the Nimble (Djinni Conjurer)            Turns: 15752, Time: 00:47:26

Health: -5/136     AC: 14    Str:  6    XL:     12   Next: 41%
Gold:   245        EV: 18    Int: 23    God:    Gozag SH:  0 Dex: 20

rFire   + + .        m - +1 morningstar
rCold   x . .        (no shield)
rNeg    + . .        w - +3 leather armour "Kaschusch" {rN+ MP+9}
rPois   ∞            s - +1 helmet
rElec   .            o - +2 cloak
rCorr   .            v - +0 pair of gloves
SInv    .            (boots unavailable)
Will    +....        (no amulet) Stlth
                     r - +6 ring of dexterity
HPRegen 0.42/turn    (no ring)
MPRegen 0.00/turn

%: infuse magic (-6 HP)
@: berserking, flying, very slightly contaminated, very quick
A: sickness immunity, fire resistance 2, cold vulnerability 1, float, innate
caster, HP casting, extra vitality 1
a: Renounce Religion, Potion Petition, Call Merchant, Bribe Branch


You were on level 1 of the Orcish Mines.
You worshipped Gozag.
Gozag was aware of your devotion.
You visited 3 branches of the dungeon, and saw 14 of its levels.

You collected 2179 gold pieces.
You spent 1120 gold pieces at shops.
You paid 814 gold pieces to Gozag.

Inventory:

Hand Weapons
 m - a +1 morningstar (weapon)
Missiles
 t - a throwing net
Armour
 a - a +1 robe
 o - a +2 cloak (worn)
 s - a +1 helmet (worn)
 v - a +0 pair of gloves (worn)
 w - the +3 leather armour "Kaschusch" (worn) {rN+ MP+9}
   (You bought it in a shop on level 8 of the Dungeon)

   rN+:       It protects you from negative energy.
   MP+9:      It affects your magic capacity (+9).
 y - the +10 plate armour "Geheritz" {Dex+3}
   (You bought it in a shop on level 8 of the Dungeon)

   Dex+3:     It affects your dexterity (+3).
Jewellery
 r - a +6 ring of dexterity (left hand)
Wands
 g - a wand of roots (5)
 j - a wand of flame (25)
Scrolls
 c - 3 scrolls of poison
 d - 2 scrolls of revelation
 e - 2 scrolls of immolation
 f - 2 scrolls of vulnerability
 q - 3 scrolls of teleportation
 u - a scroll of enchant weapon
Potions
 b - 2 potions of enlightenment
 h - 2 potions of ambrosia
 i - 2 potions of degeneration
 l - 3 potions of mutation
 n - 2 potions of lignification
 p - a potion of cancellation


   Skills:
 + Level 9.9 Fighting
 + Level 9.9 Armour
 - Level 10.6 Dodging
 - Level 1.5 Stealth
 + Level 8.3 Spellcasting
 + Level 8.3 Conjurations
 + Level 8.3 Hexes
 + Level 8.3 Summonings
 + Level 8.3 Necromancy
 + Level 8.3 Translocations
 + Level 8.3 Fire Magic
 + Level 8.3 Ice Magic
 + Level 8.3 Air Magic
 + Level 8.3 Earth Magic
 + Level 8.3 Alchemy


You knew the following spells:

 Your Spells              Type           Power      Damage    Failure   Level
a - Magic Dart            Conj           100%       1d8       1%          1
b - Searing Ray           Conj           96%        2d7       1%          2
c - Fulminant Prism       Conj/Alch      24%        3d12      3%          4
d - Iskenderun's Mystic   Conj/Tloc      48%        2d11      3%          4
e - Shock                 Conj/Air       100%       1d9       1%          1
f - Static Discharge      Conj/Air       96%        3-7/arc   1%          2
g - Scorch                Fire           96%        2d9       1%          2
h - Gell's Gravitas       Tloc           48%        N/A       1%          3
i - Dispel Undead         Necr           48%        3d18      3%          4
Your spell library was empty.

Dungeon Overview and Level Annotations

Branches:
Dungeon (11/15)            Temple (1/1) D:4             Orc (2/2) D:10
   Lair: D:8-11         Elf: Orc:2

Altars:
Ashenzari
Cheibriados
Dithmenos
Elyvilon
Fedhas
Gozag
Hepliaklqana
Makhleb
Nemelex Xobeh
Okawaru
Qazlal
Ru
Trog
Uskayaw
Wu Jian
Xom
Yredelemnul
Zin
The Shining One

Shops:
D:5 (   D:8 [   D:11 :

Annotations:
D:5 Dowan, Duvessa


Innate Abilities, Weirdness & Mutations

You are immune to sickness and miasma.
You are immune to poison.
Your flesh is very heat resistant. (rF++)
You are vulnerable to cold. (rC-)
You float through the air rather than walking.
You learn spells naturally, not from books.
Your magical power is your life essence.
You have superior vitality. (+4 MHP)


Message History

Unknown command.
Casting: Gell's Gravitas (safe; 1% risk of failure)
Confirm with . or Enter, or press ? or * to list all spells.
Aiming: Gell's Gravitas (safe; 1% risk of failure)
Press: ? - help, Dir - move target Gravity reorients around empty space.
The orc knight unwields a +0 arbalest.
The orc knight wields a +1 battleaxe.
The orc knight hits you with a +1 battleaxe!!
* * * LOW HITPOINT WARNING * * *
Unknown command.
The orc knight closely misses you.
You fly upwards.
There is a stone staircase leading down here.
You see here a +0 giant club.
Unknown command.
Unknown command.
Casting: Gell's Gravitas (safe; 1% risk of failure)
Confirm with . or Enter, or press ? or * to list all spells.
You miscast Iskenderun's Mystic Blast.
You are very lightly contaminated with residual magic.
Space warps crazily around you.
You are magically locked in place.
* * * LOW HITPOINT WARNING * * *
The orc knight hits you with a +1 battleaxe!
* * * LOW HITPOINT WARNING * * *
Casting: Iskenderun's Mystic Blast (dangerous; 3% risk of failure)
Confirm with . or Enter, or press ? or * to list all spells.
You don't have enough health to cast this spell.
Okay, then.
Unknown command.
Okay, then.
Unknown command.
A red film seems to cover your vision as you go berserk!
You feel yourself moving faster!
You feel mighty! The orc knight barely misses you.
You closely miss the orc knight.
You are no longer firmly anchored in space.
You are no longer robbed of momentum.
The orc knight hits you with a +1 battleaxe!
You die...
Your body crumbles into a pile of gold.

### #.## #..#
####[.##
##......##
#......<.###
##.......o@##
###...#...[..##
###.....##......#
#....#####)....##
##....#.##......#
##.#..........##
#.#........###
###........#
##....#.##


You could see an orc knight.

Vanquished Creatures
  4 two-headed ogres (D:10)
  Pikel (D:5)
  2 orc knights
  Joseph (D:9)
  A gargoyle (D:11)
  Maggie (D:9)
  A komodo dragon (D:11)
  A troll (D:10)
  Prince Ribbit (D:8)
  2 hornets
  3 wyverns
  16 yaks
  Eustachio (D:4)
  Grum (D:8)
  3 vampire mosquitoes
  An acid dragon (D:10)
  A sky beast (D:7)
  9 orc warriors
  An ice beast (D:7)
  4 ogres
  3 wolves (D:8)
  6 centaurs
  4 lemures (D:5)
  A phantom (D:4)
  3 bullfrogs
  3 kobold brigands
  2 gnoll sergeants
  7 scorpions
  A wight (D:10)
  10 killer bees (D:8)
  2 howler monkeys
  2 electric eels (D:10)
  A bombardier beetle (D:4)
  4 crimson imps (D:8)
  9 orc priests
  Crazy Yiuf (D:5)
  A hound (D:6)
  Ijyb (D:4)
  4 iguanas
  9 orc wizards
  Robin (D:2)
  5 adders
  10 gnolls
  A white imp (D:7)
  2 dart slugs
  68 orcs
  6 endoplasms
  2 giant cockroaches
  13 goblins
  14 hobgoblins
  22 kobolds
  3 quokkas
  9 ball pythons
  5 bats
  9 frilled lizards (D:1)
  7 rats
  A fulminant prism (D:11)
307 creatures vanquished.

Vanquished Creatures (others)
  66 fulminant prisms
66 creatures vanquished.

Grand Total: 373 creatures vanquished

Notes
Turn   | Place    | Note
-------+----------+-------------------------------------------
     0 | D:1      | hipposaver the Djinni Conjurer began the quest for the Orb.
     0 | D:1      | hipposaver set off with the following spells memorised:
                  | Magic Dart, Searing Ray, Fulminant Prism, Iskenderun's
                  | Mystic Blast.
     0 | D:1      | Reached XP level 1. HP: 15/15 MP: 0/0
   109 | D:1      | Reached XP level 2. HP: 21/22 MP: 0/0
   323 | D:1      | Reached XP level 3. HP: 21/26 MP: 0/0
   323 | D:1      | Learned a level 1 spell: Shock
   425 | D:1      | Reached skill level 1 in Fighting
   425 | D:1      | Reached skill level 1 in Armour
   776 | D:2      | Reached XP level 4. HP: 26/32 MP: 0/0
   838 | D:2      | Reached skill level 3 in Dodging
  1016 | D:2      | Noticed Robin
  1032 | D:2      | Killed Robin
  1044 | D:2      | Reached XP level 5. HP: 19/38 MP: 0/0
  1044 | D:2      | Learned a level 2 spell: Static Discharge
  1239 | D:2      | Identified the +0 pair of boots of the Intense God {rN+}
  2485 | D:3      | Found a hide-covered altar of Uskayaw.
  2512 | D:3      | Found a stormy altar of Qazlal.
  2536 | D:3      | Identified the +0 mace of Havoc {flame, rElec rF- rN++
                  | Int+4}
  2778 | D:3      | Found a shadowy altar of Dithmenos.
  2869 | D:3      | Reached XP level 6. HP: 41/44 MP: 0/0
  3028 | D:4      | Reached skill level 4 in Dodging
  3174 | D:4      | Found a staircase to the Ecumenical Temple.
  3184 | Temple   | Entered the Ecumenical Temple
  3192 | Temple   | Became a worshipper of Gozag Ym Sagoz the Greedy
  3381 | D:4      | Noticed Eustachio
  3428 | D:4      | Killed Eustachio
  3429 | D:4      | Reached XP level 7. HP: 42/50 MP: 0/0
  3429 | D:4      | Learned a level 2 spell: Scorch
  3459 | D:4      | Noticed Ijyb
  3476 | D:4      | Killed Ijyb
  3823 | D:5      | Entered Level 5 of the Dungeon
  4367 | D:5      | Reached skill level 5 in Dodging
  4367 | D:5      | Reached XP level 8. HP: 54/58 MP: 0/0
  4447 | D:5      | Found Xyoriung's Weapon Emporium.
  4726 | D:5      | Found a runed translucent door.
  4727 | D:5      | Noticed Crazy Yiuf
  5019 | D:5      | Noticed Pikel
  5045 | D:5      | Killed Pikel
  5046 | D:5      | Reached skill level 6 in Dodging
  5046 | D:5      | Reached skill level 5 in Spellcasting
  5046 | D:5      | Reached skill level 5 in Conjurations
  5046 | D:5      | Reached skill level 5 in Hexes
  5046 | D:5      | Reached skill level 5 in Summonings
  5046 | D:5      | Reached skill level 5 in Necromancy
  5046 | D:5      | Reached skill level 5 in Translocations
  5046 | D:5      | Reached skill level 5 in Fire Magic
  5046 | D:5      | Reached skill level 5 in Ice Magic
  5046 | D:5      | Reached skill level 5 in Air Magic
  5046 | D:5      | Reached skill level 5 in Earth Magic
  5046 | D:5      | Reached skill level 5 in Alchemy
  5243 | D:5      | Reached skill level 5 in Fighting
  5243 | D:5      | Reached skill level 5 in Armour
  5243 | D:5      | Reached XP level 9. HP: 47/65 MP: 0/0
  5243 | D:5      | Learned a level 3 spell: Gell's Gravitas
  5385 | D:5      | Killed Crazy Yiuf
  5469 | D:6      | Noticed Duvessa
  5477 | D:6      | Noticed Dowan
  6357 | D:6      | Found an iron altar of Okawaru.
  7141 | D:7      | Reached skill level 7 in Dodging
  7930 | D:8      | Noticed Prince Ribbit
  7937 | D:8      | Killed Prince Ribbit
  7938 | D:8      | Reached XP level 10. HP: 62/73 MP: 0/0
  8130 | D:8      | Found a shimmering altar of Xom.
  8622 | D:8      | Reached skill level 8 in Dodging
  8753 | D:8      | Noticed Grum
  8815 | D:8      | Killed Grum
  9813 | D:8      | Bought a bloodstained leather armour for 224 gold pieces
  9813 | D:8      | Identified the +3 leather armour "Kaschusch" {rN+ MP+9}
                  | (You bought it in a shop on level 8 of the Dungeon)
 10429 | D:9      | Reached XP level 11. HP: 52/81 MP: 0/0
 10429 | D:9      | Learned a level 4 spell: Dispel Undead
 10435 | D:9      | Reached skill level 9 in Dodging
 10867 | D:9      | Noticed Joseph
 10878 | D:9      | Killed Joseph
 11431 | D:9      | Noticed Maggie
 11438 | D:9      | Killed Maggie
 11630 | D:10     | Entered Level 10 of the Dungeon
 11920 | D:10     | Found a staircase to the Orcish Mines.
 12283 | D:10     | Noticed a two-headed ogre
 12464 | D:10     | Killed a two-headed ogre
 12612 | D:10     | Noticed a two-headed ogre
 12621 | D:10     | Killed a two-headed ogre
 12622 | D:10     | Reached skill level 10 in Dodging
 12706 | D:10     | Noticed a two-headed ogre
 12713 | D:10     | Killed a two-headed ogre
 12750 | D:10     | Noticed an orc knight
 12880 | D:10     | Killed an orc knight
 13023 | D:10     | Noticed a two-headed ogre
 13033 | D:10     | Reached XP level 12. HP: 58/89 MP: 0/0
 13033 | D:10     | Killed a two-headed ogre
 13462 | D:11     | Found a sparkling altar of Nemelex Xobeh.
 13541 | D:11     | Found Ankiowk's Book Shoppe.
 13801 | D:8      | Bought a faintly humming plate armour for 896 gold pieces
 13801 | D:8      | Identified the +10 plate armour "Geheritz" {Dex+3} (You
                  | bought it in a shop on level 8 of the Dungeon)
 14092 | D:11     | Noticed a boulder beetle
 14118 | D:11     | HP: 3/90 [boulder beetle (6)]
 14561 | Orc:1    | Entered Level 1 of the Orcish Mines
 14630 | Orc:2    | Entered Level 2 of the Orcish Mines
 15750 | Orc:1    | HP: 3/91 [orc knight/+1 battleaxe (7)]
 15752 | Orc:1    | Slain by an orc knight

Illustrated notes

Levels and vault maps discovered:
D:1:      elethiomel_arrival_maze, layout_basic, minmay_lizard_king
D:2:      layout_basic, serial_corexii_hall, chequers_hall_statues_y,
          chequers_hall_statues_wall_a, uniq_robin
D:3:      wad_pebble_path, layout_basic, nicolae_dithmenos_shadow_blocks,
          mainiacjoe_overflow_swirl, grunt_decor_mini_mirrors,
          chequers_serial_rivers_small_a
D:4:      layout_rooms, temple_doors_e, minmay_crossroads, uniq_eustachio,
          uniq_ijyb
D:5:      layout_loops_cross, serial_rivers, chequers_serial_rivers_large_b,
          chequers_serial_rivers_small_3, chequers_serial_rivers_small_b,
          chequers_serial_rivers_small_b, serial_shops, shop,
          amcnicky_mini_rare_corridor_liquid, uniq_pikel,
          uniq_crazy_yiuf_cottage
D:6:      layout_cave_pools, mainiacjoe_overflow_small_starburst, uniq_duvessa
D:7:      layout_basic, lemuel_blue_sif_altar
D:8:      layout_gridville, led_xom_imps, minmay_misc_feat_doors, uniq_grum,
          uniq_prince_ribbit1
D:9:      layout_gridville, roderic_roman_lattice, uniq_maggie, uniq_joseph
D:10:     layout_basic, hiddenorc2_lemuel, minmay_bent
D:11:     layout_loops_cross, lair_entry_dummy, serial_shops, shop,
          minmay_misc_feat_alley, nemelex_spade_bored_becter
Temple:   nicolae_temple_elliptical
Orc:1:    layout_diamond_mine
Orc:2:    pf_orc_diabolical, layout_caves, serial_shops, shop,
          nicolae_shop_tiny_real_fake_doors, uniq_sonja

Skill      XL: |  1  2  3  4  5  6  7  8  9 10 11 12 |
---------------+-------------------------------------+-----
Fighting       | 1 2 3 5 6 7 9 |  9.9
Armour         | 1 2 3 5 6 7 9 |  9.9
Dodging        | 3 4 5 6 7 8 10 | 10.6
Spellcasting   | 4 5 6 7 8 |  8.3
Conjurations   | 4 5 6 7 8 |  8.3
Hexes          | 4 5 6 7 8 |  8.3
Summonings     | 4 5 6 7 8 |  8.3
Necromancy     | 4 5 6 7 8 |  8.3
Translocations | 4 5 6 7 8 |  8.3
Fire Magic     | 4 5 6 7 8 |  8.3
Ice Magic      | 4 5 6 7 8 |  8.3
Air Magic      | 4 5 6 7 8 |  8.3
Earth Magic    | 4 5 6 7 8 |  8.3
Alchemy        | 4 5 6 7 8 |  8.3
Stealth        | |  1.5

Action                     |  1- 3 |  4- 6 |  7- 9 | 10-12 || total
---------------------------+-------+-------+-------+-------++-------
  Melee: Morningstar       |       |       |       |     3 ||     3
   Cast: Magic Dart        |    39 |    77 |    33 |    41 ||   190
         Searing Ray       |     2 |    31 |    40 |     6 ||    79
         Scorch            |       |       |    46 |   162 ||   208
         Shock             |       |       |     3 |     1 ||     4
         Fulminant Prism   |       |       |    12 |    56 ||    68
         Static Discharge  |       |       |     4 |     5 ||     9
         Gell's Gravitas   |       |       |     5 |    16 ||    21
         Iskenderun's Myst |       |       |     1 |    82 ||    83
 Invoke: Call Merchant     |       |       |       |     1 ||     1
  Evoke: Wand              |       |       |       |     1 ||     1
    Use: Scroll            |     4 |     7 |    11 |     5 ||    27
         Potion            |       |       |     3 |     3 ||     6
 Armour: Robe              |     1 |    20 |    82 |    16 ||   119
         Leather armour    |       |       |       |    94 ||    94
  Dodge: Dodged            |       |    21 |    80 |   157 ||   258

Table legend: (Time is in decaauts)
 A = Elapsed time spent in this place.
 B = Non-inter-level travel time spent in this place.
 C = Inter-level travel time spent in this place.
 D = Time resting spent in this place.
 E = Time spent auto-exploring this place.
 F = Levels seen in this place.
 G = Mean time per level.
                   A        B        C        D        E       F      G
               +--------+--------+--------+--------+--------+-----+--------+
         Total |  15769 |  15213 |    556 |   5121 |   7942 |  14 | 1126.4 |
       Dungeon |  14731 |  14186 |    545 |   4287 |   7892 |  11 | 1339.2 |
        Temple |     15 |     15 |      0 |      0 |      0 |   1 |   15.0 |
  Orcish Mines |   1021 |   1011 |     10 |    834 |     50 |   2 |  510.5 |
               +--------+--------+--------+--------+--------+-----+--------+

Top non-repeatable levels by time:
    D:10: 2492 daAuts
     D:5: 2121 daAuts
     D:9: 1850 daAuts
     D:8: 1802 daAuts
     D:7: 1460 daAuts
     D:2: 1242 daAuts
   Orc:1: 978 daAuts
     D:4: 930 daAuts
     D:3: 916 daAuts
     D:6: 742 daAuts
     D:1: 717 daAuts
    D:11: 455 daAuts
   Orc:2: 43 daAuts
  Temple: 15 daAuts
